 Dungeon Crawl Stone Soup version 0.31.0-11-ge490571c62 (webtiles) character file.

Game seed: 3910583009941935253

16179 Curundu the Cleaver (level 12, -8/165 HPs)
             Began as a Minotaur Berserker on Feb 2, 2024.
             Was a High Priest of Trog.
             Killed from afar by an ice dragon (31 damage)
             ... with a blast of cold
             ... on level 13 of the Dungeon.
             The game lasted 00:29:46 (9831 turns).

Curundu the Cleaver (Minotaur Berserker)            Turns: 9831, Time: 00:29:47

Health: -8/165     AC: 21    Str: 29    XL:     12   Next: 7%
Magic:  11/11      EV: 10    Int:  7    God:    Trog [*****.]
Gold:   681        SH:  7    Dex: 13    Spells: 11/11 levels left

rFire   . . .        o - +8 hand axe of Benevolence {freeze, Fly rElec}
rCold   . . .        r - +2 buckler
rNeg    . . .        j - +0 plate armour
rPois   +            (helmet restricted)
rElec   +            (no cloak)
rCorr   .            C - +0 pair of gloves
SInv    .            (no boots)
Will    ++...        (no amulet) Stlth
                     a - ring "Kiremot" {rPois Str+2 Int+3 Dex+3 Slay+2}
HPRegen 1.47/turn    x - +4 ring of protection
MPRegen 0.12/turn

%: no passive effects
@: berserking (expiring), strong-willed, flying, regenerating, very quick
A: horns 2, retaliatory headbutt
a: Renounce Religion, Berserk, Trog's Hand, Brothers in Arms


You were on level 13 of the Dungeon.
You worshipped Trog.
Trog was extremely pleased with you.
You visited 1 branch of the dungeon, and saw 11 of its levels.

You collected 681 gold pieces.

Inventory:

Hand Weapons
 f - a +3 broad axe
 i - a +1 war axe
 o - the +8 hand axe of Benevolence (weapon) {freeze, Fly rElec}
   (You found it on level 2 of the Dungeon)

   rElec:     It insulates you from electricity.
   Fly:       It grants you flight.
Missiles
 y - 3 javelins (quivered)
Armour
 j - a +0 plate armour (worn)
 r - a +2 buckler (worn)
 C - a +0 pair of gloves (worn)
Jewellery
 a - the ring "Kiremot" (left hand) {rPois Str+2 Int+3 Dex+3 Slay+2}
   (You found it on level 2 of the Dungeon)

   [ring of poison resistance]

   Str+2:     It affects your strength (+2).
   Int+3:     It affects your intelligence (+3).
   Dex+3:     It affects your dexterity (+3).
   Slay+2:    It affects your accuracy & damage with ranged weapons and melee
   (+2).
   rPois:     It protects you from poison
 e - an amulet of the acrobat
 p - a ring of fire
 q - a +6 ring of dexterity
 t - a ring of ice
 u - a ring of flight
 w - an amulet of guardian spirit
 x - a +4 ring of protection (right hand)
Wands
 z - a wand of digging (4)
 B - a wand of iceblast (12)
 E - a wand of mindburst (5)
 F - a wand of light (2)
Scrolls
 c - 4 scrolls of teleportation
 l - a scroll of poison
 m - a scroll of summoning
 s - a scroll of fog
 A - 2 scrolls of torment
 G - a scroll of immolation
 H - a scroll of silence
Potions
 b - 2 potions of attraction
 d - a potion of invisibility
 g - a potion of brilliance {unknown}
 h - 6 potions of curing
 k - 2 potions of heal wounds
 n - 5 potions of degeneration {unknown}
 v - 4 potions of mutation {unknown}
 D - 8 potions of ambrosia


   Skills:
 + Level 11.1 Fighting
 + Level 14.6 Axes
 + Level 12.8 Armour
 + Level 5.3 Dodging
 + Level 2.0 Stealth
 + Level 7.0 Shields


You had 11 spell levels left.
You didn't know any spells.
Your spell library was empty.

Dungeon Overview and Level Annotations

Branches:
Dungeon (10/15)            Temple (0/1) D:5            Lair (0/5) D:8
    Orc: D:9-12

Altars:
Cheibriados
Elyvilon
Fedhas
Gozag
Hepliaklqana
Kikubaaqudgha
Makhleb
Okawaru
Qazlal
Ru
Trog
Uskayaw
Vehumet
Wu Jian
Xom
Zin

Shops:
D:1 [   D:4 :   D:6 :   D:8 *:(


Innate Abilities, Weirdness & Mutations

You have a pair of horns on your head.
You reflexively headbutt those who attack you in melee.


Message History

You slash the deep elf zephyrmancer! You freeze the deep elf zephyrmancer.
You kill the deep elf zephyrmancer!
Trog accepts your kill.
Trog appreciates your killing of a magic user.
The centaur warrior wields a +0 shortbow.
The centaur warrior shoots an arrow.
The arrow hits you but does no damage.
Your Fighting skill increases to level 11!
You have reached level 12!
You feel stronger.
Found a plate armour.
The centaur warrior unwields a +0 shortbow.
The centaur warrior hits you but does no damage.
The centaur warrior kicks you but does no damage.
You see here a +0 shortbow.
You hit the centaur warrior. You freeze the centaur warrior.
The centaur warrior is lightly wounded.
You slice the centaur warrior!! You freeze the centaur warrior!
You headbutt the centaur warrior!!
You kill the centaur warrior!
Trog accepts your kill.
Your Stealth skill increases to level 2!
Your Shields skill increases to level 7!
Found a glowing plate armour, a twisted jewelled staff and a storm talisman.
The ice dragon breathes frost at you. The blast of cold hits you!!!
* * * LOW HITPOINT WARNING * * *
Something hits you.
* * * LOW HITPOINT WARNING * * *
Things that are here:
a +0 shortbow; a ring of positive energy; a centaur corpse You hit the ice dragon but do no damage.
You headbutt the ice dragon.
The ice dragon is lightly wounded.
You barely miss something. You slash the ice dragon!
You headbutt the ice dragon!!
The ice dragon is heavily wounded.
You hit something. You freeze something. The ice dragon breathes frost at you.
The blast of cold hits you!!
You die...

#.#.#.###.()##.#.##..(..##
#.....# #...#.....#..##.#
###.### #######.###.###.#
#..##.## ##.....#.# #.#
#.#..##% =#...#.#.# #.#
##...##.# #.#.....#.# #.#
#..#.#|.#.}#.#...#.###.#
#.##..##{D=##.....#..##.#
###.#####@# ###.###.#...#
#.#####)#.####.# #...#.##
#..#.#)#.#.#...###.......
##.#.).#[#.#..#..#.....##
#..#..#.#.# ###...#.#.###
#..#####.#. #.###.#.# ###
#######.###.#.#
............#.#
#......†).....#


You could see an ice dragon (catching breath).

Vanquished Creatures
  A rakshasa (D:13)
  Erica (D:10)
  3 centaur warriors (D:13)
  A boulder beetle (D:13)
  A death knight (D:13)
  A skeletal warrior (D:13)
  A deep elf zephyrmancer (D:13)
  Pikel (D:8)
  A manticore (D:13)
  Maurice (D:8)
  A cyclops (D:13)
  An elephant (D:8)
  A komodo dragon (D:13)
  A rime drake (shapeshifter) (D:13)
  A queen bee (D:9)
  3 trolls
  Prince Ribbit (D:5)
  A slime creature (D:13)
  5 yaks (D:10)
  A spriggan (shapeshifter) (D:13)
  3 wyverns
  A steam dragon (D:8)
  2 basilisks (D:8)
  A vampire mosquito (D:13)
  2 acid dragons
  3 water moccasins
  3 orc warriors
  5 black bears
  A centaur (D:7)
  A phantom (D:4)
  2 kobold brigands
  3 bullfrogs
  4 scorpions
  14 wights
  31 killer bees
  2 howler monkeys
  2 electric eels (D:8)
  6 bombardier beetles
  2 gnoll boudas (D:7)
  12 orc priests
  A sleepcap (D:5)
  5 hounds
  3 jellies (D:7)
  2 iguanas
  9 orc wizards
  8 gnolls (D:7)
  12 adders
  A white imp (D:8)
  A dart slug (D:4)
  4 ribbon worms
  50 orcs
  9 ball pythons
  6 bats
  11 endoplasms
  2 giant cockroaches
  6 goblins
  8 hobgoblins
  7 quokkas
  7 frilled lizards
  16 kobolds
  4 rats
300 creatures vanquished.

Notes
Turn   | Place    | Note
-------+----------+-------------------------------------------
     0 | D:1      | Curundu the Minotaur Berserker began the quest for the Orb.
     0 | D:1      | Reached XP level 1. HP: 19/19 MP: 0/0
    66 | D:1      | Found Symegaq's Armour Shop.
   377 | D:1      | Reached XP level 2. HP: 27/27 MP: 1/1
   388 | D:1      | Reached skill level 4 in Axes
   750 | D:2      | Reached XP level 3. HP: 26/33 MP: 2/2
   871 | D:2      | Reached ** piety under Trog
   878 | D:2      | Identified the ring "Kiremot" {rPois Str+2 Int+3 Dex+3
                  | Slay+2}
  1233 | D:2      | Identified the +8 hand axe of Benevolence {freeze, Fly
                  | rElec}
  1444 | D:3      | Reached skill level 5 in Axes
  1444 | D:3      | Reached XP level 4. HP: 20/40 MP: 3/3
  1634 | D:3      | Reached XP level 5. HP: 47/47 MP: 4/4
  1701 | D:3      | Found a white marble altar of Elyvilon.
  1703 | D:3      | Found an ancient bone altar of Kikubaaqudgha.
  1842 | D:3      | Reached skill level 6 in Axes
  1882 | D:3      | Identified the +2 sling of Fury {flame, rF+ Int+2}
  2315 | D:4      | Reached skill level 5 in Fighting
  2315 | D:4      | Reached XP level 6. HP: 50/56 MP: 5/5
  2315 | D:4      | Reached *** piety under Trog
  2652 | D:4      | Reached XP level 7. HP: 61/61 MP: 6/6
  2657 | D:4      | Reached skill level 7 in Axes
  2665 | D:4      | Identified the +2 ring mail of Weriana {Fly rC+}
  2682 | D:4      | Found a sacrificial altar of Ru.
  2741 | D:4      | Found Lecheapp's Tremendous Tomes.
  2866 | D:4      | Reached **** piety under Trog
  2981 | D:4      | Reached skill level 1 in Stealth
  3087 | D:4      | Found an opulent altar of Gozag.
  3300 | D:5      | Entered Level 5 of the Dungeon
  3328 | D:5      | Found an iron altar of Okawaru.
  3547 | D:5      | Found a burning altar of Makhleb.
  3550 | D:5      | Reached skill level 8 in Axes
  3550 | D:5      | Reached skill level 5 in Armour
  3559 | D:5      | Noticed Prince Ribbit
  3564 | D:5      | Killed Prince Ribbit
  3565 | D:5      | Reached XP level 8. HP: 56/71 MP: 7/7
  3860 | D:5      | Found a radiant altar of Vehumet.
  4126 | D:5      | Found a staircase to the Ecumenical Temple.
  4726 | D:6      | Reached skill level 9 in Axes
  4726 | D:6      | Reached skill level 1 in Shields
  4829 | D:6      | Found Acerchov's Book Boutique.
  5118 | D:6      | Found the +7 staff of the Meek {protect, meekguard}
  5129 | D:6      | HP: 2/73 [orc priest/divine providence (10)]
  5680 | D:6      | Reached XP level 9. HP: 79/79 MP: 8/8
  5682 | D:6      | Found a hazy altar of Hepliaklqana.
  5854 | D:7      | Found a blossoming altar of Fedhas.
  5902 | D:7      | Found a hide-covered altar of Uskayaw.
  5952 | D:7      | Reached skill level 10 in Axes
  6541 | D:7      | Found a snail-covered altar of Cheibriados.
  6863 | D:7      | Found a glowing silver altar of Zin.
  6929 | D:7      | Found a shimmering altar of Xom.
  7040 | D:8      | Found Ujinug's Weapon Shoppe.
  7053 | D:8      | Reached skill level 11 in Axes
  7053 | D:8      | Reached skill level 5 in Dodging
  7144 | D:8      | Noticed an elephant
  7153 | D:8      | Killed an elephant
  7173 | D:8      | Found an ornate altar of the Wu Jian Council.
  7198 | D:8      | Found a staircase to the Lair.
  7216 | D:8      | Reached XP level 10. HP: 47/88 MP: 9/9
  7398 | D:8      | Reached skill level 12 in Axes
  7465 | D:8      | Noticed Maurice
  7469 | D:8      | Maurice stole a ring of fire
  7475 | D:8      | Killed Maurice
  7546 | D:8      | Found a bloodstained altar of Trog.
  7751 | D:8      | Found Qogeahog's Assorted Antiques.
  7835 | D:8      | Noticed Pikel
  7845 | D:8      | Killed Pikel
  7846 | D:8      | Reached skill level 10 in Armour
  7911 | D:8      | Found Huorib's Book Emporium.
  7947 | D:8      | Found a stormy altar of Qazlal.
  8324 | D:9      | Reached ***** piety under Trog
  8349 | D:9      | Reached skill level 13 in Axes
  8871 | D:9      | Identified the +2 scale mail "Ustuir" {^Drain rF+++ Str+4}
  8896 | D:10     | Entered Level 10 of the Dungeon
  8982 | D:10     | Noticed Erica
  8991 | D:10     | Killed Erica
  8992 | D:10     | Reached XP level 11. HP: 71/97 MP: 10/10
  9000 | D:10     | Reached skill level 5 in Shields
  9373 | D:10     | You are sucked into a shaft and drop 3 floors!
  9408 | D:13     | Noticed a centaur warrior
  9420 | D:13     | Killed a centaur warrior
  9459 | D:13     | Noticed a boulder beetle
  9469 | D:13     | Noticed a rakshasa
  9471 | D:13     | Noticed a skeletal warrior
  9476 | D:13     | Reached skill level 10 in Fighting
  9491 | D:13     | Killed a rakshasa
  9492 | D:13     | Killed a boulder beetle
  9493 | D:13     | Reached skill level 14 in Axes
  9498 | D:13     | Killed a skeletal warrior
  9801 | D:13     | a black mamba changed into a harpy
  9801 | D:13     | Noticed a harpy (shapeshifter)
  9803 | D:13     | a harpy changed into a rime drake
  9805 | D:13     | Noticed a centaur warrior
  9805 | D:13     | Noticed a deep elf zephyrmancer
  9805 | D:13     | Noticed a death knight
  9805 | D:13     | Noticed an ogre mage
  9809 | D:13     | Noticed a centaur warrior
  9816 | D:13     | Killed a death knight
  9818 | D:13     | Noticed an ice dragon
  9825 | D:13     | Killed a centaur warrior
  9825 | D:13     | Killed a deep elf zephyrmancer
  9826 | D:13     | Reached XP level 12. HP: 59/110 MP: 11/11
  9828 | D:13     | Killed a centaur warrior
  9831 | D:13     | Killed from afar by an ice dragon

Illustrated notes

Levels and vault maps discovered:
D:1:      matt_arrival_los_fun, layout_basic, serial_curves, eino_curves_04,
          eino_curves_03, serial_shops, shop, minivault_26
D:2:      minmay_wonky_spiral, layout_rooms, serial_rivers,
          chequers_serial_rivers_micro_d, chequers_serial_rivers_large_a,
          chequers_serial_rivers_micro_e, chequers_serial_rivers_micro_d,
          chequers_serial_rivers_small_b
D:3:      minmay_door_path, layout_rooms, mainiacjoe_overflow_catch_the_wave,
          serial_curves, eino_curves_03, eino_curves_02
D:4:      minmay_diamond_boxcup, layout_loops_ring, lemuel_tele_altar,
          mainiacjoe_overflow_paths, nicolae_shop_i_like_big_books,
          minmay_misc_feat_x, grunt_decor_arrowhead, minmay_joined_circles
D:5:      layout_layer_cave, makhleb_heckhound_becter,
          mainiacjoe_overflow_cross_hatched,
          mainiacjoe_overflow_six_doors_small, minmay_temple_entry_hall,
          saegor_snake_ambush, uniq_prince_ribbit1
D:6:      layout_basic, mainiacjoe_overflow_catwalk, serial_shops,
          nicolae_take_the_stairs, pf_guarded_unrand_meek
D:7:      layout_basic, kennysheep_mini, slow_altar_1, zin_scriptorium,
          fedhas_altar_1, nicolae_uskayaw_dance_hall
D:8:      layout_loops_ring, mainiacjoe_overflow_alcove_1, lemuel_crystal_altar,
          kennysheep_mini_moat, david_lair_generic, serial_shops, shop, shop,
          nicolae_shop_hallway_stairs, serial_bayou_ford_a, uniq_pikel,
          uniq_maurice
D:9:      layout_basic, special_room [special_room_bee]
D:10:     layout_long_grid, uniq_grum, uniq_joseph, uniq_erica
D:13:     minmay_the_grid_square_5x5_3x3
          [minmay_the_grid_square_5x5_broken_cross,
          minmay_the_grid_square_5x5_two_walls_a,
          minmay_the_grid_square_5x5_checkered_sparse,
          minmay_the_grid_square_5x5_eight_small,
          minmay_the_grid_square_5x5_megaprize_diamond,
          minmay_the_grid_square_5x5_inset,
          minmay_the_grid_square_5x5_tetrominoes,
          minmay_the_grid_square_5x5_gyroscope,
          minmay_the_grid_square_5x5_three], layout_loops_ring, erik_vaults_1

Skill      XL: |  1  2  3  4  5  6  7  8  9 10 11 12 |
---------------+-------------------------------------+-----
Axes           | 4 5 6 8 9 11 13 14 | 14.6
Fighting       | 4 5 6 7 9 11 | 11.1
Dodging        | 3 4 5 |  5.3
Armour         | 3 4 5 6 9 11 12 | 12.8
Stealth        | 1 2 |  2.0
Shields        | 1 3 4 6 7 |  7.0

Action                     |  1- 3 |  4- 6 |  7- 9 | 10-12 || total
---------------------------+-------+-------+-------+-------++-------
  Melee: Hand axe          |    18 |    65 |   226 |   253 ||   562
         War axe           |    39 |       |       |       ||    39
         Headbutt          |     4 |     3 |    46 |    48 ||   101
         Punch             |     1 |       |       |       ||     1
 Invoke: Trog's Hand       |       |     1 |     7 |     7 ||    15
         Berserk           |       |       |     1 |     3 ||     4
    Use: Scroll            |       |       |    12 |    10 ||    22
 Armour: Animal skin       |    28 |       |       |       ||    28
         Ring mail         |    10 |    26 |    55 |       ||    91
         Plate armour      |       |       |   140 |   170 ||   310
  Dodge: Dodged            |    37 |    34 |    99 |    76 ||   246
  Block: Buckler           |       |     6 |    37 |    59 ||   102
